 Dungeon Crawl Stone Soup version 0.22-a0-282-gdd34a7d (webtiles) character file.

2492 vishdafish the Cudgeler (level 9, -8/85 (87) HPs)
             Began as a Troll Hunter on Mar 17, 2018.
             Was an Initiate of Yredelemnul.
             Mangled by a two-headed ogre
             ... wielding a +0 giant spiked club
              (30 damage)
             ... on level 8 of the Dungeon.
             The game lasted 00:17:05 (6043 turns).

vishdafish the Cudgeler (Troll Hunter)              Turns: 6043, Time: 00:17:06

HP:   -8/85 (87)    AC:  7    Str: 22    XL:     9   Next: 27%
MP:   8/8           EV: 12    Int: 10    God:    Yredelemnul [......]
Gold: 490           SH:  0    Dex: 10    Spells: 8/8 levels left

rFire    . . .     SeeInvis +   A - +0 giant club
rCold    + . .     Gourm    +   (shield currently unavailable)
rNeg     . . .     Faith    .   b - +0 robe
rPois    .         Spirit   .   (helmet restricted)
rElec    .         Reflect  .   k - +1 cloak
rCorr    .         Harm     .   (gloves unavailable)
MR       .....                  (boots unavailable)
Stlth    +.........             (no amulet)
HPRegen  0.64/turn              o - ring of see invisible
MPRegen  0.11/turn              t - ring of protection from cold

@: very slightly contaminated, invisible
A: large, unfitting armour, claws 3, fast metabolism 3, gourmand, regeneration
1, shaggy fur 1, tough skin 2
a: Renounce Religion


You were on level 8 of the Dungeon.
You worshipped Yredelemnul.
Yredelemnul was noncommittal.
You were not hungry.

You visited 2 branches of the dungeon, and saw 9 of its levels.

You collected 490 gold pieces.

Inventory:

Hand Weapons
 a - a +0 short sword
 w - a +0 giant spiked club
 A - a +0 giant club (weapon)
Armour
 b - a +0 robe (worn)
 k - a +1 cloak (worn)
Jewellery
 o - a ring of see invisible (left claw)
 t - a ring of protection from cold (right claw)
Wands
 l - a wand of enslavement (13)
Scrolls
 c - 3 scrolls of amnesia
 g - a scroll of immolation {unknown}
 h - a scroll of identify
 n - 4 scrolls of teleportation {unknown}
 s - 3 scrolls of remove curse
 u - 2 scrolls of blinking {unknown}
 y - a scroll of holy word {unknown}
 B - a scroll of brand weapon {unknown}
 C - a scroll of enchant weapon {unknown}
Potions
 e - 4 potions of degeneration
 i - a potion of resistance {unknown}
 j - a potion of berserk rage
 q - 3 potions of haste
 r - 2 potions of flight
 x - a potion of lignification {unknown}
 z - a potion of agility {unknown}
Comestibles
 f - 11 rations


   Skills:
 + Level 4.9 Fighting
 - Level 0.2 Short Blades
 * Level 7.2 Maces & Flails
 + Level 4.5 Throwing
 - Level 6.1 Dodging
 - Level 0.3 Stealth
 - Level 1.0 Unarmed Combat


You had 8 spell levels left.
You didn't know any spells.

Dungeon Overview and Level Annotations

Branches:
Dungeon (8/15)             Temple (1/1) D:4            Lair (0/6) D:8

Altars:
Dithmenos
Fedhas
Hepliaklqana
Kikubaaqudgha
Makhleb
Nemelex Xobeh
Okawaru
Ru
Sif Muna
Trog
Uskayaw
Wu Jian
Yredelemnul
Zin
The Shining One

Annotations:
D:7 Anon1729's ghost, novice DsFE


Innate Abilities, Weirdness & Mutations

You are too large for most types of armour.
You have claws for hands.
Your metabolism is lightning-fast.
You like to eat raw meat.
Your natural rate of healing is unusually fast.
You are covered in fur. (AC +1)
You have very tough skin. (AC +2)


Message History

You barely miss the two-headed ogre.
The two-headed ogre is lightly wounded.
The two-headed ogre closely misses you. The two-headed ogre misses you.
You hit the two-headed ogre.
The two-headed ogre is lightly wounded.
The two-headed ogre hits you with a giant spiked club!
The two-headed ogre barely misses you.
You hit the two-headed ogre.
The two-headed ogre is moderately wounded.
The two-headed ogre closely misses you. x2
You closely miss the two-headed ogre.
The two-headed ogre is moderately wounded.
The two-headed ogre hits you but does no damage.
The two-headed ogre hits you with a giant club!
* * * LOW HITPOINT WARNING * * *
You barely miss the two-headed ogre.
The two-headed ogre is moderately wounded.
The two-headed ogre hits you with a giant spiked club!!
You die...
Your body rises from the dead as a mindless zombie.

..§.≈§≈≈≈§.#............#
....≈≈h≈≈..#............#
#..≈≈.§h≈≈..#....########
...≈≈..§≈≈.......# ##
...≈.≈§§≈......### ...
..≈≈≈≈.....#># ....
§.......#.# .....
......#.###..(...
.........@†......
.........O.......
#................
#................
.............#...
................(
.................
........(......


You could see a two-headed ogre.

Vanquished Creatures
  Sigmund (D:3)
  The ghost of Soeti the Skirmisher, an amateur DsMo (D:3)
  The ghost of neds the Charlatan, an amateur GnAr (D:4)
  2 sky beasts
  An ice beast (D:6)
  A phantom (D:6)
  2 necrophages (D:8)
  A centaur (D:5)
  3 ogres
  2 bullfrogs (D:5)
  A killer bee (D:5)
  3 howler monkeys (D:4)
  3 hounds
  An orc priest (D:3)
  2 bullfrog skeletons
  Ijyb (D:3)
  An iguana (D:4)
  Natasha (twice) (D:2)
  6 orc wizards
  4 worker ants
  A hound zombie (D:5)
  2 hound skeletons
  5 gnolls
  14 adders
  A shadow imp (D:5)
  2 oozes
  6 worms
  3 dart slugs
  7 leopard geckos
  9 orcs
  8 bats
  7 giant cockroaches
  13 goblins
  15 hobgoblins
  11 jackals
  4 kobolds
  5 quokkas
  A ball python (D:4)
  8 frilled lizards
  3 leopard gecko skeletons
  7 rats
171 creatures vanquished.

Notes
Turn   | Place    | Note
-------+----------+-------------------------------------------
     0 | D:1      | vishdafish the Troll Hunter began the quest for the Orb.
     0 | D:1      | Reached XP level 1. HP: 19/19 MP: 0/0
   198 | D:1      | Reached XP level 2. HP: 27/27 MP: 1/1
   894 | D:2      | Reached skill level 1 in Unarmed Combat
   894 | D:2      | Reached XP level 3. HP: 20/35 MP: 2/2
   986 | D:2      | Noticed Natasha
   988 | D:2      | Killed Natasha
  1034 | D:2      | Reached XP level 4. HP: 39/42 MP: 3/3
  1421 | D:2      | Noticed Natasha
  1427 | D:2      | Killed Natasha
  1488 | D:3      | Noticed Ijyb
  1494 | D:3      | Killed Ijyb
  1494 | D:3      | Reached XP level 5. HP: 50/50 MP: 4/4
  1624 | D:3      | Found an ornate altar of the Wu Jian Council.
  1625 | D:3      | Noticed Sigmund
  1643 | D:3      | Killed Sigmund
  1643 | D:3      | Reached XP level 6. HP: 47/61 MP: 5/5
  1892 | D:3      | Found an ancient bone altar of Kikubaaqudgha.
  2081 | D:3      | Noticed Soeti's ghost (amateur DsMo)
  2095 | D:3      | Killed Soeti's ghost
  2095 | D:3      | Reached skill level 5 in Dodging
  2095 | D:3      | Reached XP level 7. HP: 49/68 MP: 6/6
  2466 | D:4      | Noticed neds's ghost (amateur GnAr)
  2497 | D:4      | Killed neds's ghost
  2835 | D:4      | Found a staircase to the Ecumenical Temple.
  2865 | Temple   | Entered the Ecumenical Temple
  3165 | D:4      | Reached skill level 1 in Maces & Flails
  3165 | D:4      | Reached XP level 8. HP: 79/79 MP: 7/7
  3633 | D:5      | Entered Level 5 of the Dungeon
  3657 | D:5      | Reached skill level 2 in Maces & Flails
  3735 | D:5      | Found a hide-covered altar of Uskayaw.
  4185 | D:5      | Reached skill level 3 in Maces & Flails
  4224 | D:5      | Reached skill level 4 in Maces & Flails
  4523 | D:5      | Reached skill level 5 in Maces & Flails
  5148 | D:6      | Reached skill level 6 in Maces & Flails
  5381 | D:6      | Reached XP level 9. HP: 55/85 MP: 8/8
  5557 | D:6      | Found an iron altar of Okawaru.
  5649 | D:6      | Found a sacrificial altar of Ru.
  5650 | D:6      | Found a basalt altar of Yredelemnul.
  5660 | D:6      | Became a worshipper of Yredelemnul the Dark
  5816 | D:7      | Noticed Anon1729's ghost (novice DsFE)
  5960 | D:8      | Reached skill level 7 in Maces & Flails
  5979 | D:8      | Found a staircase to the Lair.
  6030 | D:8      | Noticed a two-headed ogre
  6043 | D:8      | Mangled by a two-headed ogre

Vault maps used:
D:1:      lemuel_arrival_river_bridge, minmay_misc_feat_diagonals
D:2:      kennysheep_the_goblin_king, first_ration, uniq_natasha
D:3:      wad_crossroads, kiku_gazebo_pond_becter, lemuel_round_altar,
          uniq_ijyb, uniq_sigmund
D:4:      temple_statues, minivault_5
D:5:      kennysheep_windowed_halls, eat_drink_and_be_merry_uskayaw
D:6:      minitemple, okawaru_altar_gauntlet_db
D:7:      marbit_many_paths, minivault_27, uniq_prince_ribbit1, uniq_joseph
D:8:      amethyst_overflow_temple_binary, vehumet_statue,
          minmay_lair_entry_lava, gup_ossuary_entry_pyramid, uniq_maurice
Temple:   dpeg_three_leaves_temple

Skill      XL: |  1  2  3  4  5  6  7  8  9 |
---------------+----------------------------+-----
Throwing       | 4 |  4.5
Dodging        | 2 3 4 5 6 |  6.1
Unarmed Combat | 1 |  1.0
Fighting       | 2 3 4 |  4.9
Maces & Flails | 1 6 7 |  7.2
Short Blades   | |  0.2
Stealth        | |  0.3

Action                   |  1- 3 |  4- 6 |  7- 9 || total
-------------------------+-------+-------+-------++-------
Melee: Short sword       |    34 |       |       ||    34
       Unarmed           |   118 |   148 |   242 ||   508
       Punch             |     1 |     2 |       ||     3
       Giant club        |       |       |   202 ||   202
       Giant spiked club |       |       |    20 ||    20
Throw: Large rock        |     1 |    13 |    15 ||    29
       Throwing net      |       |     2 |     5 ||     7
  Use: Potion            |       |       |    10 ||    10
       Scroll            |       |       |     8 ||     8
 Stab: Sleeping          |       |     1 |     3 ||     4
       Held in net/web   |       |       |     1 ||     1
  Eat: Chunk             |    14 |     5 |    32 ||    51
       Ration            |       |       |     1 ||     1
Armor: Robe              |    69 |    62 |   190 ||   321
Dodge: Dodged            |   118 |    86 |   324 ||   528

Table legend:
 A = Spawn XP
 B = Non-spawn XP
 C = Spawn XP percentage of total XP
 D = Spawn monster count
 E = Non-spawn monster count
 F = Spawn count percentage of total count
 G = Total turns spent on level
                    A         B        C        D         E        F      G
               +---------+---------+-------+---------+---------+-------+---------
         Total |       0 |    3561 |   0.0 |       0 |     171 |   0.0 |  6043
               +---------+---------+-------+---------+---------+-------+---------
           D:1 |       0 |      17 |   0.0 |       0 |      10 |   0.0 |   680
           D:2 |       0 |     178 |   0.0 |       0 |      43 |   0.0 |   818
           D:3 |       0 |     606 |   0.0 |       0 |      30 |   0.0 |   910
           D:4 |       0 |     680 |   0.0 |       0 |      31 |   0.0 |  1131
           D:5 |       0 |     890 |   0.0 |       0 |      22 |   0.0 |  1494
           D:6 |       0 |     652 |   0.0 |       0 |      23 |   0.0 |   564
           D:7 |       0 |      74 |   0.0 |       0 |       5 |   0.0 |   139
           D:8 |       0 |     464 |   0.0 |       0 |       7 |   0.0 |   213
               +---------+---------+-------+---------+---------+-------+---------
